 Dungeon Crawl Stone Soup version 0.31.0-11-ge490571c62 (webtiles) character file.

Game seed: 2982196143790193519

2922 qw the Nimble (level 9, -6/45 HPs)
             Began as a Spriggan Hunter on Feb 3, 2024.
             Was an Initiate of Okawaru.
             Killed from afar by a steam dragon (16 damage)
             ... with a ball of steam
             ... on level 7 of the Dungeon.
             The game lasted 00:01:14 (5496 turns).

qw the Nimble (Spriggan Hunter)                     Turns: 5496, Time: 00:01:15

Health: -6/45      AC:  4    Str:  7    XL:     9   Next: 50%
Magic:  10/10      EV: 28    Int: 13    God:    Okawaru [......]
Gold:   317        SH:  0    Dex: 23    Spells: 8/8 levels left

rFire   . . .        n - +0 orcbow
rCold   + + +        (shield currently unavailable)
rNeg    . . .        b - +2 robe {Will+}
rPois   .            (helmet restricted)
rElec   .            (no cloak)
rCorr   .            (gloves unavailable)
SInv    +            (boots unavailable)
Will    +++..        a - amulet "Bigi" {Faith rC++ Int+3}
Stlth   ++           d - ring of protection from cold
HPRegen 0.27/turn    l - ring of willpower
MPRegen 0.12/turn

%: faith
@: weakened, very quick
A: very small, no large weapons, unfitting armour, see invisible, speed 3
a: Renounce Religion


You were on level 7 of the Dungeon.
You worshipped Okawaru.
Okawaru was noncommittal.
You visited 1 branch of the dungeon, and saw 7 of its levels.

You collected 317 gold pieces.


Innate Abilities, Weirdness & Mutations

You are very small and have problems with some larger weapons.
You are too small for most types of armour.
You have supernaturally acute eyesight. (SInv)
You cover ground extremely quickly. (Speed+++)


   Skills:
 - Level 4.0 Fighting
 + Level 10.2 Ranged Weapons
 - Level 11.0 Dodging
 - Level 1.5 Stealth


You had 8 spell levels left.
You didn't know any spells.
Your spell library was empty.

Inventory:

Hand Weapons
 n - a +0 orcbow (weapon)
Armour
 b - a +2 robe of willpower (worn)
Jewellery
 a - the amulet "Bigi" (around neck) {Faith rC++ Int+3}
   (You acquired it on level 6 of the Dungeon)

   [amulet of faith]

   Faith:     It allows you to gain divine favour quickly.
   Int+3:     It affects your intelligence (+3).
   rC++:      It greatly protects you from cold.
 d - a ring of protection from cold (left hand)
 l - a ring of willpower (right hand)
Wands
 h - a wand of roots (8)
 j - a wand of acid (11) (quivered)
Scrolls
 f - 4 scrolls of teleportation
 g - a scroll of enchant armour
Potions
 e - a potion of curing
 k - a potion of heal wounds
 o - a potion of lignification {unknown}

Dungeon Overview and Level Annotations

Branches:
Dungeon (7/15)
 Temple: D:4-7

Altars:
Ashenzari
Cheibriados
Elyvilon
Okawaru
Wu Jian

Annotations:
D:3 exclusion: orc
D:6 1 runed translucent door, qw's ghost, novice SpHu


Message History

You hear an angry hiss.
A skeletal warrior comes into view. It is wielding a +0 glaive.
Enter note:
5492 ||| RETREEEEATING.
The steam dragon breathes steam at you. The ball of steam hits you!
Enter note:
Enter note:
5493 ||| RETREEEEATING.
The centaur simulacrum is engulfed in a cloud of scalding steam.
You shoot an arrow.
The arrow hits the centaur simulacrum but does no damage.
The centaur simulacrum is lightly damaged.
The centaur simulacrum is engulfed in a cloud of scalding steam.
The centaur simulacrum completely misses you.
The centaur simulacrum kicks you. The centaur simulacrum freezes you.
You resist.
You shoot an arrow. The arrow hits the centaur simulacrum.
The centaur simulacrum is almost destroyed.
The centaur simulacrum is engulfed in a cloud of scalding steam.
The centaur simulacrum vaporises!
The gnoll bouda barks out a call to the hunt!
The steam dragon breathes steam at you. The ball of steam misses you.
You hear a shout!
5496 ||| ZAPPING wand of acid (12) at -3,-2 (skeletal warrior; floor).
Aiming: Corrosive Bolt
Press: ? - help, Q - select action, (/) - cycle Shift-Dir - straight line, f - skeletal warrior The bolt of acid hits the skeletal warrior!
The acid corrodes the skeletal warrior!
The skeletal warrior is lightly damaged.
The bolt of acid hits the gnoll bouda.
The acid corrodes the gnoll bouda!
The gnoll bouda is moderately wounded.
You are engulfed in a cloud of scalding steam.
The gnoll bouda gazes fiercely through you!
You feel your attacks grow feeble. The steam dragon breathes steam at you.
The ball of steam hits you!
You die... c# #.######..## #h[ #.# #.## Sg}

#.######.# ?) #...##...# #?
#.#...)### ###.### #.#......#
77...g.77 #.#......#
777.....zg7777#........#
.....P~..D0@¤¤#......))#
77.......7777#.#.....)#
77.....77 #........#
######...#######........#####
.............................
.............##..............
########....>...#######......
#.########............ ...#
#.....%.#####


You could see a skeletal warrior (corroded), a steam dragon (catching breath)
and 2 gnoll boudas.

Vanquished Creatures
  A steam dragon (D:6)
  Menkaure (D:5)
  Duvessa (D:4)
  A sky beast (D:6)
  An ice beast (D:6)
  An ogre (D:6)
  3 centaurs (D:6)
  2 phantoms (D:6)
  3 bullfrogs
  2 kobold brigands (D:6)
  Blork the orc (D:6)
  5 scorpions
  Dowan (D:4)
  2 howler monkeys (D:7)
  5 bombardier beetles
  3 jellies
  4 hounds
  3 orc priests
  A gnoll bouda (D:7)
  7 iguanas
  4 sleepcaps
  An orc wizard (D:6)
  10 adders
  4 gnolls (D:7)
  3 shadow imps
  2 white imps
  2 ribbon worms
  A dart slug (D:4)
  23 orcs
  4 endoplasms
  5 giant cockroaches
  8 goblins
  4 hobgoblins
  4 jackals (D:1)
  15 kobolds
  4 quokkas
  5 ball pythons
  7 bats
  4 frilled lizards
  6 rats
164 creatures vanquished.

Vanquished Creatures (others)
  A centaur simulacrum (D:7)
  A bat (D:3)
  A giant cockroach (D:3)
  A quokka (D:3)
4 creatures vanquished.

Grand Total: 168 creatures vanquished

Notes
Turn   | Place    | Note
-------+----------+-------------------------------------------
     0 | D:1      | qw the Spriggan Hunter began the quest for the Orb.
     0 | D:1      | Reached XP level 1. HP: 10/10 MP: 2/2
     0 | D:1      | 0 ||| qw: Version: 0.3-a-155-g5e7d8dd
     0 | D:1      | 0 ||| qw: Game counter: 3228
     0 | D:1      | 0 ||| qw: Melee chars always use a shield: true
     0 | D:1      | 0 ||| qw: God list: Okawaru
     0 | D:1      | 0 ||| qw: Allow faded altars: false
     0 | D:1      | 0 ||| qw: Do Orc after clearing Dungeon:15 true
     0 | D:1      | 0 ||| qw: Do second Lair branch before Depths: true
     0 | D:1      | 0 ||| qw: Lair rune preference: random
     0 | D:1      | 0 ||| qw: Goals: Normal
     0 | D:1      | 0 ||| PLANNING D:1-11
    44 | D:1      | Reached skill level 3 in Dodging
   140 | D:1      | Reached XP level 2. HP: 14/14 MP: 3/3
   242 | D:1      | 242 ||| RETREEEEATING.
   248 | D:1      | Reached skill level 4 in Dodging
   329 | D:1      | Reached XP level 3. HP: 14/18 MP: 4/4
   479 | D:1      | 479 ||| UPGRADING to ring of protection from cold.
   480 | D:1      | 480 ||| DROPPING ring of wizardry.
   481 | D:1      | 481 ||| READING scroll labelled HYANINGENOS.
   481 | D:1      | 481 ||| ENCHANTING +0 shortbow.
   482 | D:1      | 482 ||| READING scroll labelled YTZAS NOEG.
   482 | D:1      | 482 ||| IDENTIFYING sedimented silvery potion
   483 | D:1      | 483 ||| READING 2 scrolls labelled HUUTEENYTT.
   484 | D:1      | 484 ||| READING scroll labelled UCIMESHR UTOAXORY.
   485 | D:1      | 485 ||| READING scroll labelled JUYFOY HY TIL.
   490 | D:1      | 490 ||| READING scroll labelled MIRIACEUQU.
   525 | D:1      | 525 ||| DROPPING scroll of butterflies.
   526 | D:1      | 526 ||| DROPPING scroll of noise.
   845 | D:2      | 845 ||| READING scroll of identify.
   845 | D:2      | 845 ||| IDENTIFYING bubbling coppery potion
   846 | D:2      | 846 ||| DROPPING potion of attraction.
   930 | D:3      | 930 ||| FLEEEEING.
   932 | D:3      | 932 ||| FLEEEEING.
   943 | D:3      | Reached XP level 4. HP: 22/22 MP: 5/5
  1139 | D:3      | Reached skill level 5 in Dodging
  1559 | D:3      | Found a white marble altar of Elyvilon.
  1938 | D:3      | 1938 ||| DROPPING +6 ring of intelligence.
  1975 | D:4      | Noticed a scorpion
  1986 | D:4      | Killed a scorpion
  1987 | D:4      | Reached XP level 5. HP: 11/26 MP: 6/6
  1990 | D:4      | HP: 6/26 [poisoned by a scorpion]
  2212 | D:4      | Reached skill level 6 in Ranged Weapons
  2269 | D:4      | Reached XP level 6. HP: 30/30 MP: 7/7
  2278 | D:4      | Noticed Duvessa
  2278 | D:4      | Noticed Dowan
  2285 | D:4      | Killed Duvessa
  2286 | D:4      | Reached skill level 6 in Dodging
  2294 | D:4      | 2294 ||| FLEEEEING.
  2295 | D:4      | 2295 ||| FLEEEEING.
  2300 | D:4      | Killed Dowan
  2837 | D:4      | Reached XP level 7. HP: 29/35 MP: 8/8
  2952 | D:4      | 2952 ||| READING 3 scrolls of identify.
  2952 | D:4      | 2952 ||| IDENTIFYING dark potion
  2953 | D:4      | 2953 ||| READING 2 scrolls of identify.
  2953 | D:4      | 2953 ||| IDENTIFYING yellow potion
  2954 | D:4      | 2954 ||| READING scroll of identify.
  2954 | D:4      | 2954 ||| IDENTIFYING scroll labelled DUONI RAIPLUJ
  2955 | D:4      | 2955 ||| DROPPING potion of ambrosia.
  2971 | D:5      | Entered Level 5 of the Dungeon
  3158 | D:5      | Reached skill level 7 in Dodging
  3306 | D:5      | Noticed Menkaure
  3307 | D:5      | 3307 ||| ZAPPING wand of acid (12) at 5,2 (Menkaure;
                  | floor).
  3308 | D:5      | 3308 ||| ZAPPING wand of acid (11) at 4,1 (Menkaure;
                  | floor).
  3310 | D:5      | 3310 ||| ZAPPING wand of acid (10) at 2,-1 (Menkaure;
                  | floor).
  3311 | D:5      | 3311 ||| ZAPPING wand of acid (9) at 2,-1 (Menkaure;
                  | floor).
  3311 | D:5      | Killed Menkaure
  3624 | D:5      | Found a broken altar of Ashenzari.
  3728 | D:5      | Reached skill level 8 in Dodging
  3817 | D:5      | Reached XP level 8. HP: 28/39 MP: 9/9
  3946 | D:5      | 3946 ||| UPGRADING to ring of willpower.
  3947 | D:5      | 3947 ||| READING scroll of identify.
  3947 | D:5      | 3947 ||| IDENTIFYING scroll labelled TIARUE BELU
  3948 | D:5      | 3948 ||| READING scroll labelled PARRUHEXTE.
  3949 | D:5      | 3949 ||| DROPPING scroll of amnesia.
  3993 | D:6      | Noticed qw's ghost (novice SpHu)
  4071 | D:6      | Reached skill level 3 in Fighting
  4115 | D:6      | Noticed Blork the orc
  4116 | D:6      | 4116 ||| FLEEEEING.
  4117 | D:6      | 4117 ||| FLEEEEING.
  4119 | D:6      | 4119 ||| FLEEEEING.
  4163 | D:6      | Killed Blork the orc
  4223 | D:6      | Found a runed translucent door.
  4242 | D:6      | Reached skill level 9 in Ranged Weapons
  4463 | D:6      | Reached skill level 9 in Dodging
  4524 | D:6      | 4524 ||| READING scroll of enchant weapon.
  4524 | D:6      | 4524 ||| ENCHANTING +1 shortbow.
  4589 | D:6      | 4589 ||| RETREEEEATING.
  4591 | D:6      | 4591 ||| RETREEEEATING.
  4592 | D:6      | 4592 ||| RETREEEEATING.
  4593 | D:6      | 4593 ||| RETREEEEATING.
  4594 | D:6      | 4594 ||| RETREEEEATING.
  4597 | D:6      | 4597 ||| RETREEEEATING.
  4613 | D:6      | 4613 ||| RETREEEEATING.
  4614 | D:6      | 4614 ||| RETREEEEATING.
  4625 | D:6      | HP: 7/40 [sky beast (6)]
  4626 | D:6      | 4626 ||| READING 3 scrolls of teleportation.
  4627 | D:6      | 4627 ||| DRINKING 2 potions of heal wounds.
  4668 | D:6      | Reached XP level 9. HP: 20/44 MP: 10/10
  4795 | D:6      | 4795 ||| FLEEEEING.
  4804 | D:6      | 4804 ||| FLEEEEING.
  4807 | D:6      | 4807 ||| FLEEEEING.
  4808 | D:6      | 4808 ||| FLEEEEING.
  4809 | D:6      | 4809 ||| FLEEEEING.
  4810 | D:6      | 4810 ||| FLEEEEING.
  4811 | D:6      | 4811 ||| FLEEEEING.
  4814 | D:6      | 4814 ||| FLEEEEING.
  4815 | D:6      | 4815 ||| FLEEEEING.
  4816 | D:6      | 4816 ||| FLEEEEING.
  4827 | D:6      | 4827 ||| FLEEEEING.
  4828 | D:6      | 4828 ||| FLEEEEING.
  4835 | D:6      | 4835 ||| FLEEEEING.
  4836 | D:6      | 4836 ||| FLEEEEING.
  4839 | D:6      | 4839 ||| FLEEEEING.
  4840 | D:6      | 4840 ||| FLEEEEING.
  4841 | D:6      | 4841 ||| FLEEEEING.
  4842 | D:6      | 4842 ||| FLEEEEING.
  4844 | D:6      | 4844 ||| FLEEEEING.
  4845 | D:6      | 4845 ||| FLEEEEING.
  4846 | D:6      | 4846 ||| FLEEEEING.
  4848 | D:6      | 4848 ||| FLEEEEING.
  4852 | D:6      | 4852 ||| FLEEEEING.
  4853 | D:6      | 4853 ||| FLEEEEING.
  4854 | D:6      | 4854 ||| FLEEEEING.
  4855 | D:6      | 4855 ||| FLEEEEING.
  4856 | D:6      | 4856 ||| FLEEEEING.
  4857 | D:6      | 4857 ||| FLEEEEING.
  4858 | D:6      | 4858 ||| FLEEEEING.
  4943 | D:6      | Reached skill level 10 in Dodging
  4983 | D:6      | 4983 ||| SWAPPING to +0 orcbow.
  4984 | D:6      | 4984 ||| DROPPING +2 shortbow.
  5092 | D:6      | Found an ornate altar of the Wu Jian Council.
  5092 | D:6      | Found an iron altar of Okawaru.
  5093 | D:6      | 5093 ||| PLANNING OKAWARU WORSHIP
  5093 | D:6      | 5093 ||| UPGRADING to +2 robe of willpower.
  5103 | D:6      | 5103 ||| DROPPING +0 robe.
  5104 | D:6      | 5104 ||| READING scroll labelled CYNA TOTACW.
  5104 | D:6      | Identified a scroll of acquirement
  5104 | D:6      | 5104 ||| ACQUIRING amulet "Bigi" {Faith rC++ Int+3}
  5104 | D:6      | Acquired the amulet "Bigi" {Faith rC++ Int+3}
  5105 | D:6      | 5105 ||| DROPPING wand of flame (36).
  5110 | D:6      | Became a worshipper of Warmaster Okawaru
  5111 | D:6      | 5111 ||| PLANNING D:1-11
  5172 | D:6      | 5172 ||| UPGRADING to amulet "Bigi" {Faith rC++ Int+3}.
  5192 | D:7      | 5192 ||| STAIRDANCE
  5214 | D:7      | 5214 ||| STAIRDANCE
  5219 | D:7      | 5219 ||| STAIRDANCE
  5252 | D:7      | 5252 ||| STAIRDANCE
  5263 | D:7      | 5263 ||| STAIRDANCE
  5277 | D:7      | 5277 ||| STAIRDANCE
  5369 | D:7      | Reached skill level 11 in Dodging
  5380 | D:7      | Found a snail-covered altar of Cheibriados.
  5482 | D:7      | 5482 ||| Stepping ~*~*~tactically~*~*~ (cloud).
  5486 | D:7      | 5486 ||| RETREEEEATING.
  5492 | D:7      | Noticed a skeletal warrior
  5492 | D:7      | 5492 ||| RETREEEEATING.
  5493 | D:7      | 5493 ||| RETREEEEATING.
  5496 | D:7      | 5496 ||| ZAPPING wand of acid (12) at -3,-2 (skeletal
                  | warrior; floor).
  5496 | D:7      | HP: 10/45 [steam dragon] (6)]
  5496 | D:7      | Killed from afar by a steam dragon

Levels and vault maps discovered:
D:1:      minmay_arrival_loop, layout_rooms, minivault_4, minmay_misc_feat_doors
D:2:      layout_rooms
D:3:      wander_river, layout_basic, elyvilon_altar_4, nicolae_titane
D:4:      nicolae_cairo_tiling_very_big, layout_basic, uniq_duvessa
D:5:      layout_gridville, evilmike_ruin_ashenzari, uniq_menkaure
D:6:      minmay_chambers_of_threes, layout_rooms,
          nicolae_overflow_two_pavilions, hellmonk_ghost_happy_afterlife,
          uniq_blork_the_orc
D:7:      nzn_winding_woodlands_small [nzn_winding_woodlands_5x15_sidewinder,
          nzn_winding_woodlands_center_pierced_h,
          nzn_winding_woodlands_5x15_garden], layout_basic,
          nicolae_overflow_crystal_walls, minmay_temple_entry_arrows

Skill      XL: |  1  2  3  4  5  6  7  8  9 |
---------------+----------------------------+-----
Dodging        | 3 4 5 6 8 9 11 | 11.0
Ranged Weapons | 5 6 7 8 10 | 10.2
Fighting       | 2 3 4 |  4.0
Stealth        | |  1.5

Action                     |  1- 3 |  4- 6 |  7- 9 || total
---------------------------+-------+-------+-------++-------
   Fire: Shortbow          |   124 |   167 |   337 ||   628
         Orcbow            |       |       |    78 ||    78
  Evoke: Wand              |       |       |     5 ||     5
    Use: Scroll            |     7 |       |     8 ||    15
         Potion            |       |       |     1 ||     1
 Armour: Robe              |    23 |    22 |    60 ||   105
  Dodge: Dodged            |    81 |    71 |   234 ||   386

Table legend:
 A = Non-vault XP
 B = Vault XP
 C = Vault XP percentage of total XP
 D = Non-vault monster count
 E = Vault monster count
 F = Vault count percentage of total count
                 A         B        C        D         E       F
            +---------+---------+-------+---------+---------+-------
      Total |    2483 |    1692 |  40.5 |     147 |      18 |  10.9
            +---------+---------+-------+---------+---------+-------
        D:1 |      49 |       0 |   0.0 |      29 |       0 |   0.0
        D:2 |      35 |       0 |   0.0 |      14 |       0 |   0.0
        D:3 |      89 |       0 |   0.0 |      24 |       0 |   0.0
        D:4 |     360 |     214 |  37.3 |      13 |       2 |  13.3
        D:5 |     537 |     175 |  24.6 |      18 |       1 |   5.3
        D:6 |    1065 |    1197 |  52.9 |      35 |      13 |  27.1
        D:7 |     348 |     106 |  23.3 |      14 |       2 |  12.5
            +---------+---------+-------+---------+---------+-------
